 Dungeon Crawl Stone Soup version 0.30-a0-610-gb513c0a51f (webtiles) character file.

Game seed: 12776018835177882167

120 Conn the Firebug (level 5, 0/31 HPs)
             Began as an Octopode Fire Elementalist on Jan 8, 2023.
             Slain by Natasha (2 damage)
             ... on level 3 of the Dungeon.
             The game lasted 00:04:59 (3707 turns).

Conn the Firebug (Octopode Fire Elementalist)       Turns: 3707, Time: 00:04:59

Health: 0/31       AC:  1    Str:  6 (8)  XL:     5   Next: 4%
Magic:  2/9        EV: 13    Int: 17 (19) God:
Gold:   149        SH:  0    Dex:  9 (12) Spells: 3/9 levels left

rFire   + . .      SeeInvis .    a - staff of conjuration
rCold   . . .      Faith    .    n - orb {light}
rNeg    . . .      Spirit   .    (helmet restricted)
rPois   .          Reflect  .    (no amulet)
rElec   .          Harm     .    m - ring of protection from fire
rCorr   .          Rampage  .    (no ring)
Will    .....                    (no ring)
Stlth   ++                       (no ring)
HPRegen 0.25/turn                (no ring)
MPRegen 0.11/turn                (no ring)
                                 (no ring)
                                 (no ring)

@: flying, slowed, glowing, very slow
A: almost no armour, amphibious, 8 rings, camouflage 1, gelatinous body 1,
(nimble swimmer 1), tentacles
a: no special abilities


You were on level 3 of the Dungeon.
You visited 1 branch of the dungeon, and saw 4 of its levels.

You collected 149 gold pieces.

Inventory:

Hand Weapons
 b - a +2 dagger of draining
 e - a +0 short sword
 t - a +0 executioner's axe
Missiles
 f - 2 poisoned darts
Armour
 n - an orb of light (worn)
Magical Staves
 a - a staff of conjuration (weapon)
 j - a staff of cold
Jewellery
 m - a ring of protection from fire (left tentacle)
Wands
 g - a wand of flame (28)
Scrolls
 c - a scroll of enchant armour {unknown}
 d - a scroll of immolation {unknown}
 o - a scroll of teleportation {unknown}
 p - 2 scrolls of amnesia {unknown}
 s - 2 scrolls of identify {unknown}
Potions
 h - a potion of degeneration
 i - a potion of flight
 k - a potion of heal wounds {unknown}
 l - a potion of haste
 q - a potion of magic
 r - a potion of curing {unknown}
 u - a potion of attraction {unknown}


   Skills:
 + Level 2.7 Dodging
 + Level 3.5 Stealth
 + Level 2.9 Spellcasting
 + Level 1.7 Conjurations
 + Level 3.9 Fire Magic


You had 3 spell levels left.
You knew the following spells:

 Your Spells              Type           Power      Damage    Failure   Level
a - Foxfire               Conj/Fire      72%        2x1d7     5%          1
b - Kindle Blastsparks    Fire/Tloc/Air  14%        2d11      30%         3
e - Scorch                Fire           32%        2d7       5%          2

Your spell library contained the following spells:

 Spells                   Type           Power      Damage    Failure   Level
 Inner Flame              Hex/Fire       9%         N/A       24%         3
 Flame Wave               Conj/Fire      18%        2d7       47%         4
 Fireball                 Conj/Fire      9%         3d6       83%         5
 Iskenderun's Battlesphe  Conj           12%        2d7       94%         5
 Conjure Ball Lightning   Conj/Air       4%         3x3d6     100%        6
 Orb of Destruction       Conj           6%         9d6       100%        7


Dungeon Overview and Level Annotations

Branches:
Dungeon (4/15)
 Temple: D:4-7

Altars:
Uskayaw

Annotations:
D:3 Natasha


Innate Abilities, Weirdness & Mutations

You cannot wear most types of armour.
You are amphibious.
You can wear up to eight rings at the same time.
Your skin changes colour to match your surroundings (Stealth+).
Your rubbery body absorbs attacks. (AC +1, EV +1)
((You are camouflaged when in or above water. (Stealth+)))
You have tentacles for arms and can constrict up to eight enemies at once.


Message History

The gnoll's fire resistance burns away.
The gnoll closely misses you.
Casting: Scorch (safe; 4% risk of failure)
Confirm with . or Enter, or press ? or * to list all spells.
Flames lash the gnoll.
The gnoll is burned terribly!
The gnoll is severely wounded.
An adder comes into view.
The gnoll hits you from afar with a +0 spear.
The gnoll closely misses you.
The adder moves out of view.
Natasha claws you!
The gnoll hits you from afar with a +0 spear.
The gnoll completely misses you. Natasha claws you!
* * * LOW HITPOINT WARNING * * *
You climb upwards.
There is a stone staircase leading down here.
Okay, then.
Unknown command.
Unknown command.
Okay, then.
Casting: Scorch (safe; 4% risk of failure)
Confirm with . or Enter, or press ? or * to list all spells.
Flames lash Natasha.
Natasha is severely wounded.
Natasha's fire resistance burns away.
Natasha casts a spell.
Casting: Scorch (safe; 4% risk of failure)
Confirm with . or Enter, or press ? or * to list all spells.
Okay, then.
Unknown command.
It was a potion of degeneration.
There was something very wrong with that liquid.
You feel weakened.
You feel dopey.
You feel clumsy.
Natasha stares at you and mumbles some strange words.
You feel yourself slow down. Natasha claws you.
* * * LOW HITPOINT WARNING * * *
It was a potion of flight.
You feel very buoyant.
You fly up into the air.
Natasha claws you.
* * * LOW HITPOINT WARNING * * *
Natasha claws you.
You die...

.........##.########.#.#
########.##.# #.#.# ....# #.##.#
#.#.# .##.# #.##.# #.#.#
.##.####.##.# #.#.# <........##.#
#.#.########## .##.#######.#
#.#...........
..#.#######.########.###########.
................@h...# #.
..#.#######.####5##### #. ..#.#
#.# #.# #. ..#.# #.# #.# #. ..#.#
#.# #.# #. #.#.#######.# #.# #.
#...........# #.# #.
..#.#.####### #.###############.
..#.#.# #..........)......


You could see an iron imp (summoned) and Natasha (fast, combustible).

Vanquished Creatures
  An iguana (D:2)
  A gnoll (D:3)
  3 adders
  2 dart slugs (D:1)
  5 ball pythons
  5 endoplasms
  3 giant cockroaches
  3 goblins (D:2)
  5 hobgoblins
  4 jackals (D:2)
  4 kobolds
  3 quokkas
  6 bats
  2 frilled lizards
  3 rats
50 creatures vanquished.

Vanquished Creatures (others)
  187 foxfires
187 creatures vanquished.

Grand Total: 237 creatures vanquished

Notes
Turn   | Place    | Note
-------+----------+-------------------------------------------
     0 | D:1      | Conn the Octopode Fire Elementalist began the quest for the
                  | Orb.
     0 | D:1      | Reached XP level 1. HP: 11/11 MP: 3/3
   236 | D:1      | Reached XP level 2. HP: 17/17 MP: 0/5
   452 | D:1      | You fall into a shaft and drop 1 floor!
   463 | D:2      | Reached XP level 3. HP: 12/21 MP: 0/6
   733 | D:2      | Reached XP level 4. HP: 27/27 MP: 0/7
  2376 | D:3      | HP: 1/27 [poisoned by an adder]
  2813 | D:3      | Found a hide-covered altar of Uskayaw.
  3551 | D:3      | Learned a level 2 spell: Scorch
  3555 | D:3      | Learned a level 3 spell: Kindle Blastsparks
  3606 | D:3      | Reached XP level 5. HP: 14/31 MP: 4/9
  3699 | D:4      | Noticed Natasha
  3707 | D:3      | Slain by Natasha

Illustrated notes

Levels and vault maps discovered:
D:1:      dpeg_arrival_court, layout_basic, serial_glass, glass_columns_c,
          glass_columns_a, minmay_misc_feat_columns
D:2:      layout_basic, serial_bayou_pond_d
D:3:      layout_basic, nicolae_uskayaw_suspiria
D:4:      layout_loops_ring, uniq_natasha

Skill      XL: |  1 |
---------------+----+-----
Stealth        | 3 |  3.5
Dodging        | |  2.7
Spellcasting   | |  2.9
Conjurations   | |  1.7
Fire Magic     | |  3.9

Action                   |  1- 3 |  4- 6 || total
-------------------------+-------+-------++-------
Melee: Unarmed           |    15 |       ||    15
       Constrict         |     4 |     1 ||     5
       Tentacles         |     3 |     1 ||     4
       Staff             |       |     4 ||     4
 Cast: Foxfire           |    38 |    74 ||   112
       Scorch            |       |     6 ||     6
  Use: Potion            |     1 |     2 ||     3
 Stab: Sleeping          |       |     1 ||     1
Armor: Skin              |     3 |       ||     3
Dodge: Dodged            |    20 |     8 ||    28

Table legend: (Time is in decaauts)
 A = Elapsed time spent in this place.
 B = Non-inter-level travel time spent in this place.
 C = Inter-level travel time spent in this place.
 D = Time resting spent in this place.
 E = Time spent auto-exploring this place.
 F = Levels seen in this place.
 G = Mean time per level.
                   A        B        C        D        E       F      G
               +--------+--------+--------+--------+--------+-----+--------+
         Total |   3706 |   3626 |     80 |     64 |   3058 |   4 |  926.5 |
       Dungeon |   3706 |   3626 |     80 |     64 |   3058 |   4 |  926.5 |
               +--------+--------+--------+--------+--------+-----+--------+

Top non-repeatable levels by time:
     D:3: 1387 daAuts
     D:2: 1252 daAuts
     D:1: 1059 daAuts
     D:4: 7 daAuts
